| TOP OF THE 1ST |
|
Bowie Baysox batting - Pitching for Arkansas Travelers : RHP Mike Tallerico
|
|
Pitching: RHP Mike Tallerico
|
|
|
Batting: RHB Orlando Melchor
|
0-0: Called Strike 0-1: Ball 1-1: Ball 2-1: Ball 3-1: Fly out, F8 (Line Drive, 8LS, EV 90.6 MPH)
|
|
Batting: LHB Andrew Erens
|
0-0: Called Strike 0-1: Ball 1-1: Ball 2-1: Fly out, F8 (Flyball, 8LS, EV 87.5 MPH)
|
|
Batting: RHB Dermott Neill
|
0-0: Foul Ball, location: 2F 0-1: Ball 1-1: Swinging Strike 1-2: Ball 2-2: Strikes out swinging
|
| Top of the 1st over - 0 runs, 0 hits, 0 errors, 0 left on base; Bowie 0 - Arkansas 0 |
| BOTTOM OF THE 1ST |
|
Arkansas Travelers batting - Pitching for Bowie Baysox : RHP Mike LaMonica
|
|
Pitching: RHP Mike LaMonica
|
|
|
Batting: RHB Jasper Burd
|
0-0: Ball 1-0: Called Strike 1-1: Ball 2-1: SINGLE (Line Drive, 89S, EV 108.8 MPH)
|
|
Batting: RHB Bjoern Waltersson
|
0-0: Ball 1-0: Called Strike 1-1: Foul Ball, location: 2F 1-2: Ball 2-2: Ball 3-2: SINGLE (Groundball, 4S, EV 98.8 MPH) Jasper Burd to second Runner from 2nd tries for 3rd, OUT! 9-5 Bjoern Waltersson to second
|
|
Batting: RHB Andres Mendiola
|
0-0: Fly out, F9 (Flyball, 9, EV 93.1 MPH)
|
|
Batting: LHB Matt Calitri
|
0-0: Foul Ball, location: 2F 0-1: Ball Wild Pitch! Bjoern Waltersson to third 1-1: Ball 2-1: Ground out U3 (Groundball, 34, EV 105.0 MPH)
|
| Bottom of the 1st over - 0 runs, 2 hits, 0 errors, 1 left on base; Bowie 0 - Arkansas 0 |
| TOP OF THE 2ND |
|
Bowie Baysox batting - Pitching for Arkansas Travelers : RHP Mike Tallerico
|
|
Batting: SHB Tony Pantaleon
|
0-0: Swinging Strike 0-1: Ball 1-1: Ball 2-1: Ball 3-1: Called Strike 3-2: Strikes out swinging
|
|
Batting: SHB Ryan Palermo
|
0-0: Called Strike 0-1: Foul Ball, location: 2F 0-2: Fly out, F8 (Flyball, 8RD, EV 106.2 MPH)
|
|
Batting: RHB Dan Staggs
|
0-0: Ball 1-0: Ball 2-0: Foul Ball, location: 2F 2-1: Foul Ball, location: 2F 2-2: Ball 3-2: Foul Ball, location: 2F 3-2: Strikes out swinging
|
| Top of the 2nd over - 0 runs, 0 hits, 0 errors, 0 left on base; Bowie 0 - Arkansas 0 |
| BOTTOM OF THE 2ND |
|
Arkansas Travelers batting - Pitching for Bowie Baysox : RHP Mike LaMonica
|
|
Batting: RHB Luis Romero
|
0-0: Called Strike 0-1: Swinging Strike 0-2: Strikes out swinging
|
|
Batting: LHB Barrfhionn O'Toole
|
0-0: Ball 1-0: Foul Ball, location: 2F 1-1: Ball 2-1: Swinging Strike 2-2: Ball 3-2: Base on Balls
|
|
Batting: LHB Jorge Zermeno
|
0-0: Called Strike Barrfhionn O'Toole steals 2nd base 0-1: Fly out, F4 (Flyball, 4D, EV 89.4 MPH)
|
|
Batting: LHB Sean Corderman
|
0-0: Called Strike 0-1: Called Strike 0-2: Ball 1-2: Ground out 4-3 (Groundball, 4, EV 85.0 MPH)
|
| Bottom of the 2nd over - 0 runs, 0 hits, 0 errors, 1 left on base; Bowie 0 - Arkansas 0 |
| TOP OF THE 3RD |
|
Bowie Baysox batting - Pitching for Arkansas Travelers : RHP Mike Tallerico
|
|
Batting: RHB Andy Chess
|
0-0: Ball 1-0: Ball 2-0: Fly out, F8 (Flyball, 8LD, EV 107.5 MPH)
|
|
Batting: RHB Jon Zimmerman
|
0-0: Called Strike 0-1: Foul Ball, location: 2F 0-2: Ball 1-2: Ground out 5-3 (Groundball, 5S, EV 85.0 MPH)
|
|
Batting: SHB Eric Tiehen
|
0-0: Ball 1-0: Ground out 5-3 (Groundball, 5L, EV 85.0 MPH)
|
| Top of the 3rd over - 0 runs, 0 hits, 0 errors, 0 left on base; Bowie 0 - Arkansas 0 |
| BOTTOM OF THE 3RD |
|
Arkansas Travelers batting - Pitching for Bowie Baysox : RHP Mike LaMonica
|
|
Batting: RHB Ben Herman
|
0-0: Ball 1-0: Ground out 4-3 (Groundball, 34, EV 109.4 MPH)
|
|
Batting: RHB Jasper Burd
|
0-0: Ball 1-0: Called Strike 1-1: Foul Ball, location: 2F 1-2: Ground out 4-3 (Groundball, 34D, EV 83.8 MPH)
|
|
Batting: RHB Bjoern Waltersson
|
0-0: Ball 1-0: Ball 2-0: Swinging Strike 2-1: Ball 3-1: Called Strike 3-2: SINGLE (Line Drive, 7S, EV 105.6 MPH)
|
|
Batting: RHB Andres Mendiola
|
0-0: Called Strike Bjoern Waltersson steals 2nd base 0-1: Swinging Strike 0-2: Fly out, F8 (Line Drive, 8LM, EV 97.5 MPH)
|
| Bottom of the 3rd over - 0 runs, 1 hit, 0 errors, 1 left on base; Bowie 0 - Arkansas 0 |
| TOP OF THE 4TH |
|
Bowie Baysox batting - Pitching for Arkansas Travelers : RHP Mike Tallerico
|
|
Batting: RHB Orlando Melchor
|
0-0: Ball 1-0: Ball 2-0: Swinging Strike 2-1: Ground out 6-3 (Groundball, 6, EV 86.2 MPH)
|
|
Batting: LHB Andrew Erens
|
0-0: Called Strike 0-1: Called Strike 0-2: Strikes out swinging
|
|
Batting: RHB Dermott Neill
|
0-0: Foul Ball, location: 2F 0-1: Ball 1-1: Foul Ball, location: 2F 1-2: Ball 2-2: Foul Ball, location: 2F 2-2: DOUBLE (Line Drive, 89D, EV 113.8 MPH)
|
|
Batting: SHB Tony Pantaleon
|
0-0: Ball 1-0: Ball 2-0: Ball 3-0: Called Strike 3-1: Base on Balls
|
|
Batting: SHB Ryan Palermo
|
0-0: Called Strike 0-1: DOUBLE (Flyball, 8LXD, EV 90.6 MPH) Dermott Neill scores Tony Pantaleon to third
|
|
Batting: RHB Dan Staggs
|
0-0: Ball 1-0: Foul Ball, location: 2F 1-1: Ball 2-1: Ball 3-1: Ground out U3 (Groundball, 34, EV 105.6 MPH)
|
| Top of the 4th over - 1 run, 2 hits, 0 errors, 2 left on base; Bowie 1 - Arkansas 0 |
| BOTTOM OF THE 4TH |
|
Arkansas Travelers batting - Pitching for Bowie Baysox : RHP Mike LaMonica
|
|
Batting: LHB Matt Calitri
|
0-0: Foul Ball, location: 2F 0-1: Swinging Strike 0-2: Fly out, F8 (Line Drive, 8RM, EV 92.5 MPH)
|
|
Batting: RHB Luis Romero
|
0-0: Ground out 6-3 (Groundball, 6, EV 84.4 MPH)
|
|
Batting: LHB Barrfhionn O'Toole
|
0-0: Ground out 4-3 (Groundball, 34, EV 77.5 MPH)
|
| Bottom of the 4th over - 0 runs, 0 hits, 0 errors, 0 left on base; Bowie 1 - Arkansas 0 |
| TOP OF THE 5TH |
|
Bowie Baysox batting - Pitching for Arkansas Travelers : RHP Mike Tallerico
|
|
Batting: RHB Andy Chess
|
0-0: Ball 1-0: Foul Ball, location: 2F 1-1: Ball 2-1: Fly out, F8 (Flyball, 8RS, EV 91.2 MPH)
|
|
Batting: RHB Jon Zimmerman
|
0-0: Called Strike 0-1: Reached on error, E5 (Groundball, 56, EV 91.2 MPH)
|
|
Batting: SHB Eric Tiehen
|
0-0: Ball 1-0: Ball 2-0: Foul Ball, location: 2F 2-1: Ball 3-1: Base on Balls Jon Zimmerman to second
|
|
Pitching: RHP Andino Calzaghe
|
|
|
Batting: RHB Orlando Melchor
|
0-0: Ball 1-0: Ball 2-0: Swinging Strike 2-1: SINGLE (Groundball, 6MD, EV 106.2 MPH) Jon Zimmerman to third Eric Tiehen to second
|
|
Batting: LHB Andrew Erens
|
0-0: Swinging Strike 0-1: Called Strike 0-2: Foul Ball, location: 2F 0-2: Foul Ball, location: 2F 0-2: Ball 1-2: Ball 2-2: Ball 3-2: Foul Ball, location: 2F 3-2: SINGLE (Groundball, 6M, EV 87.5 MPH) (infield hit) Jon Zimmerman scores Eric Tiehen to third Orlando Melchor to second
|
|
Batting: RHB Dermott Neill
|
0-0: Swinging Strike 0-1: Ball 1-1: Ball 2-1: Foul Ball, location: 2F 2-2: Ball 3-2: Strikes out swinging
|
|
Batting: SHB Tony Pantaleon
|
0-0: Ball 1-0: Ball 2-0: Ball 3-0: Called Strike 3-1: Foul Ball, location: 2F 3-2: Foul Ball, location: 2F 3-2: Ground out 4-3 (Groundball, 4, EV 103.1 MPH)
|
| Top of the 5th over - 1 run, 2 hits, 1 error, 3 left on base; Bowie 2 - Arkansas 0 |
| BOTTOM OF THE 5TH |
|
Arkansas Travelers batting - Pitching for Bowie Baysox : RHP Mike LaMonica
|
|
Batting: LHB Jorge Zermeno
|
0-0: Called Strike 0-1: Foul Ball, location: 2F 0-2: Ball 1-2: Fly out, F4 (Popup, 3S, EV 78.1 MPH)
|
|
Batting: LHB Sean Corderman
|
0-0: Ball 1-0: Ball 2-0: Ball 3-0: Base on Balls
|
|
Batting: RHB Ben Herman
|
0-0: Foul Ball, location: 2F 0-1: Ball 1-1: Ball 2-1: Called Strike 2-2: Ball 3-2: Strikes out looking
|
|
Batting: RHB Jasper Burd
|
0-0: Swinging Strike 0-1: Called Strike 0-2: Foul Ball, location: 2F 0-2: Ball 1-2: Ball 2-2: Ball 3-2: Ground out 4-3 (Groundball, 4MS, EV 81.2 MPH)
|
| Bottom of the 5th over - 0 runs, 0 hits, 0 errors, 1 left on base; Bowie 2 - Arkansas 0 |
| TOP OF THE 6TH |
|
Bowie Baysox batting - Pitching for Arkansas Travelers : RHP Andino Calzaghe
|
|
Batting: SHB Ryan Palermo
|
0-0: Swinging Strike 0-1: Ball 1-1: Called Strike 1-2: Strikes out looking
|
|
Batting: RHB Dan Staggs
|
0-0: Swinging Strike 0-1: Swinging Strike 0-2: Strikes out swinging
|
|
Batting: RHB Andy Chess
|
0-0: Ball 1-0: Foul Ball, location: 2F 1-1: Ball 2-1: Ball 3-1: Ground out 1-3 (Groundball, 13S, EV 67.5 MPH)
|
| Top of the 6th over - 0 runs, 0 hits, 0 errors, 0 left on base; Bowie 2 - Arkansas 0 |
| BOTTOM OF THE 6TH |
|
Arkansas Travelers batting - Pitching for Bowie Baysox : RHP Mike LaMonica
|
|
Batting: RHB Bjoern Waltersson
|
0-0: Ball 1-0: Called Strike 1-1: Called Strike 1-2: Foul Ball, location: 2F 1-2: Ball 2-2: Fly out, F8 (Flyball, 8LM, EV 80.0 MPH)
|
|
Batting: RHB Andres Mendiola
|
0-0: Called Strike 0-1: Foul Ball, location: 2F 0-2: Ball 1-2: Ground out 4-3 (Groundball, 4S, EV 80.0 MPH)
|
|
Batting: LHB Matt Calitri
|
0-0: Fly out, F6 (Popup, 6MD, EV 68.1 MPH)
|
| Bottom of the 6th over - 0 runs, 0 hits, 0 errors, 0 left on base; Bowie 2 - Arkansas 0 |
| TOP OF THE 7TH |
|
Bowie Baysox batting - Pitching for Arkansas Travelers : RHP Andino Calzaghe
|
|
Pitching: LHP Brennan Duncan
|
|
|
Batting: RHB Jon Zimmerman
|
0-0: Swinging Strike 0-1: Called Strike 0-2: Ball 1-2: Ball 2-2: Ground out 6-3 (Groundball, 6, EV 103.8 MPH)
|
|
Batting: SHB Eric Tiehen
|
0-0: Ball 1-0: Ball 2-0: Fly out, F8 (Line Drive, 8LD, EV 94.4 MPH)
|
|
Batting: RHB Orlando Melchor
|
0-0: Ground out 6-3 (Groundball, 6, EV 85.0 MPH)
|
| Top of the 7th over - 0 runs, 0 hits, 0 errors, 0 left on base; Bowie 2 - Arkansas 0 |
| BOTTOM OF THE 7TH |
|
Arkansas Travelers batting - Pitching for Bowie Baysox : RHP Mike LaMonica
|
|
Batting: RHB Luis Romero
|
0-0: Called Strike 0-1: DOUBLE (Line Drive, 8RXD, EV 103.8 MPH)
|
|
Batting: LHB Barrfhionn O'Toole
|
0-0: Called Strike 0-1: Called Strike 0-2: Ball 1-2: Ball 2-2: Ground out U3 (Groundball, 3, EV 105.0 MPH) Luis Romero to third
|
|
Batting: LHB Jorge Zermeno
|
0-0: Called Strike 0-1: Fly out, F8 (Flyball, 78XD, EV 83.8 MPH) Runner from 3rd tags up, SCORES, no throw by CF
|
|
Batting: LHB Sean Corderman
|
0-0: Foul Ball, location: 2F 0-1: SINGLE (Line Drive, 78S, EV 89.4 MPH)
|
|
Batting: SHB Mario Padron
|
0-0: Ground out 4-3 (Groundball, 34, EV 87.5 MPH)
|
| Bottom of the 7th over - 1 run, 2 hits, 0 errors, 1 left on base; Bowie 2 - Arkansas 1 |
| TOP OF THE 8TH |
|
Bowie Baysox batting - Pitching for Arkansas Travelers : LHP Brennan Duncan
|
|
Pitching: RHP Chad Baxter
|
|
|
Batting: LHB Andrew Erens
|
0-0: Ball 1-0: Ball 2-0: Called Strike 2-1: Called Strike 2-2: DOUBLE (Line Drive, 5D, EV 106.2 MPH)
|
|
Batting: RHB Dermott Neill
|
0-0: Called Strike 0-1: Ball 1-1: DOUBLE (Line Drive, 3D, EV 102.5 MPH) Andrew Erens scores
|
|
Batting: SHB Tony Pantaleon
|
0-0: SINGLE (Flyball, 8LS, EV 94.4 MPH) Dermott Neill to third
|
|
Batting: SHB Ryan Palermo
|
0-0: Called Strike 0-1: Ball 1-1: Fly out, F7 (Flyball, 7LS, EV 76.2 MPH)
|
|
Batting: RHB Dan Staggs
|
0-0: Ball 1-0: Ball 2-0: Foul Ball, location: 2F 2-1: SINGLE (Line Drive, 78S, EV 111.9 MPH) Dermott Neill scores Tony Pantaleon to second
|
|
Batting: RHB Andy Chess
|
0-0: Called Strike 0-1: Foul Ball, location: 2F 0-2: Foul Ball, location: 2F 0-2: Strikes out swinging
|
|
Batting: RHB Jon Zimmerman
|
0-0: Foul Ball, location: 2F 0-1: Ball 1-1: Called Strike 1-2: Strikes out swinging
|
| Top of the 8th over - 2 runs, 4 hits, 0 errors, 2 left on base; Bowie 4 - Arkansas 1 |
| BOTTOM OF THE 8TH |
|
Arkansas Travelers batting - Pitching for Bowie Baysox : RHP Mike LaMonica
|
|
Batting: RHB Jasper Burd
|
0-0: Ball 1-0: Called Strike 1-1: Ball 2-1: Ball 3-1: Called Strike 3-2: Foul Ball, location: 2F 3-2: Foul Ball, location: 2F 3-2: Strikes out swinging
|
|
Pitching: RHP Josh Boyles
|
|
|
Batting: RHB Bjoern Waltersson
|
0-0: Called Strike 0-1: Ball 1-1: Ball 2-1: Swinging Strike 2-2: Ball 3-2: Ground out 6-3 (Groundball, 6, EV 92.5 MPH)
|
|
Batting: RHB Andres Mendiola
|
0-0: Foul Ball, location: 2F 0-1: Swinging Strike 0-2: Ball 1-2: Foul Ball, location: 2F 1-2: Foul Ball, location: 2F 1-2: Ball 2-2: Strikes out looking
|
| Bottom of the 8th over - 0 runs, 0 hits, 0 errors, 0 left on base; Bowie 4 - Arkansas 1 |
| TOP OF THE 9TH |
|
Bowie Baysox batting - Pitching for Arkansas Travelers : RHP Chad Baxter
|
|
Batting: SHB Eric Tiehen
|
0-0: Ball 1-0: Ball 2-0: Reached on error, E4 (Groundball, 4, EV 101.2 MPH)
|
|
Batting: RHB Orlando Melchor
|
0-0: Bunt missed! 0-1: Bunt missed! 0-2: Ball 1-2: Foul Ball, location: 2F 1-2: Ball 2-2: Fielders Choice at 2nd, 6-4 (Groundball, 6, EV 85.0 MPH)
|
|
Batting: LHB Andrew Erens
|
0-0: Ball Orlando Melchor steals 2nd base 1-0: Ball 2-0: Called Strike 2-1: SINGLE (Line Drive, 7S, EV 98.8 MPH) Orlando Melchor to third Runner from 3rd tries for Home, SAFE, throw by LF to home
|
|
Pitching: RHP Harambe Vick
|
|
|
Batting: RHB Dermott Neill
|
0-0: Ball 1-0: Ball 2-0: Ball 3-0: Base on Balls Andrew Erens to second
|
|
Batting: SHB Tony Pantaleon
|
0-0: Called Strike 0-1: Ball 1-1: Foul Ball, location: 2F 1-2: Strikes out swinging
|
|
Batting: SHB Ryan Palermo
|
0-0: Ball 1-0: Ball 2-0: Called Strike 2-1: Called Strike 2-2: Ball 3-2: Foul Ball, location: 2F 3-2: Base on Balls Andrew Erens to third Dermott Neill to second
|
|
Batting: RHB Dan Staggs
|
0-0: Ball 1-0: Ball 2-0: Called Strike 2-1: Called Strike 2-2: Ball 3-2: Fly out, F8 (Flyball, 8LXD, EV 90.6 MPH)
|
| Top of the 9th over - 1 run, 1 hit, 1 error, 3 left on base; Bowie 5 - Arkansas 1 |
| BOTTOM OF THE 9TH |
|
Arkansas Travelers batting - Pitching for Bowie Baysox : RHP Josh Boyles
|
|
Batting: LHB Matt Calitri
|
0-0: Called Strike 0-1: Foul Ball, location: 2F 0-2: Ball 1-2: Strikes out swinging
|
|
Batting: RHB Luis Romero
|
0-0: Foul Ball, location: 2F 0-1: Foul Ball, location: 2F 0-2: Fly out, F8 (Flyball, 8RM, EV 86.2 MPH)
|
|
Batting: LHB Barrfhionn O'Toole
|
0-0: TRIPLE (Flyball, 9D, EV 91.2 MPH)
|
|
Batting: LHB Jorge Zermeno
|
0-0: Ball 1-0: Foul Ball, location: 2F 1-1: Ground out 5-3 (Groundball, 6, EV 83.1 MPH)
|
| Bottom of the 9th over - 0 runs, 1 hit, 0 errors, 1 left on base; Bowie 5 - Arkansas 1 |
|